Map: Ruins of Seras

Players

Javert

  • Race: Zerg Zerg
  • League: Grandmaster

David - Winner!

  • Race: Terran Terran
  • League: Grandmaster

VOD

Have the link to the VOD?

Description

Time

  • Played on: June 21, 2015, 10:19 p.m.
  • Length: 1:55
Show
View Real Time Build Order
Export as new Build Order

Javert Zerg 

Build Orders: Hatch First 

Get SALT Encoding   

  12  0:01  Drone  
  13  0:14  Overlord  
  13  0:24  Drone  
  14  0:34  Drone x2  
  16  0:39  Drone  
  17  0:57  Hatchery  
  17  1:03  Drone  
  17  1:06  Extractor  
  16  1:16  Spawning Pool  
  16  1:18  Drone  
  16  1:20  Drone  
  16  1:23  Drone  
  18  1:36  Drone  
Show
View Real Time Build Order
Export as new Build Order

David Terran - Winner!

Build Orders:  

Get SALT Encoding   

  12  0:01  SCV  
  13  0:13  SCV  
  14  0:21  Supply Depot  
  14  0:25  SCV  
  15  0:43  SCV, Barracks  
  16  0:55  SCV, Refinery  
  17  1:07  SCV  
  18  1:21  SCV  
  19  1:31  Marine  
  20  1:38  Supply Depot  
  20  1:53  Command Center  
Tags
 
Add a new tag
Caveats
  • Supply blocks, unpowered buildings, or Contaminate may cause inaccurate times.
  • Supply counts are checked every 10 seconds.